 Dungeon Crawl Stone Soup version 0.31-a0-1101-g9ad1905e61 (webtiles) character file.

Game seed: 14818209012446492337

20 Dirtsage the Changeling (level 2, -6/17 (18) HPs)
             Began as an Octopode Shapeshifter on Dec 1, 2023.
             Mangled by Terence
             ... wielding a +4 flail of draining
              (9 damage)
             ... on level 2 of the Dungeon.
             The game lasted 00:00:58 (995 turns).

Dirtsage the Changeling (Octopode Shapeshifter)      Turns: 995, Time: 00:00:58

HP:   -6/17 (18)    AC:  1    Str: 13    XL:     2   Next: 79%
MP:   2/2           EV: 13    Int: 12    God:
Gold: 64            SH:  0    Dex: 11    Spells: 1/1 levels left

rFire   . .          .
                       - Unarmed
rCold   . . .        (no shield)
rNeg    . . .        (helmet currently unavailable)
rPois   .            (no amulet)
rElec   .            (no ring)
rCorr   .            (no ring)
SInv    .            (no ring)
Will    .....        (no ring)
Stlth   ++           (no ring)
HPRegen 0.22/turn    (no ring)
MPRegen 0.08/turn    (no ring)
                     (no ring)

%: no passive effects
@: beast-form, drained
A: beast (slay +1), almost no armour, amphibious, 8 rings, camouflage 1,
gelatinous body 1, (nimble swimmer 1), tentacles
a: Begin Untransformation


You were on level 2 of the Dungeon.
You were a hulking beast.
You visited 1 branch of the dungeon, and saw 2 of its levels.

You collected 64 gold pieces.

Inventory:

Talismans
 b - a beast talisman
 c - a flux talisman
 f - a flux talisman
Scrolls
 e - 3 scrolls of blinking {unknown}
 g - 2 scrolls of teleportation {unknown}
 h - a scroll of summoning {unknown}
Potions
 a - a potion of lignification
 d - a potion of curing {unknown}


   Skills:
 + Level 1.5 Fighting
 - Level 2.0 Dodging
 + Level 3.2 Unarmed Combat
 * Level 3.4 Shapeshifting


You had one spell level left.
You didn't know any spells.
Your spell library was empty.

Dungeon Overview and Level Annotations

Branches:
Dungeon (2/15)

Altars:

Annotations:
D:2 Terence


Innate Abilities, Weirdness & Mutations

You are a hulking beast.
Your limbs bulge with bestial killing power. (Slay +1)
You cannot wear most types of armour.
You are amphibious.
You can wear up to eight rings at the same time.
Your skin changes colour to match your surroundings (Stealth+).
Your rubbery body absorbs attacks. (AC +1, EV +1)
((You are camouflaged when in or above water. (Stealth+)))
You have tentacles for arms and can constrict up to eight enemies at once.


Message History

a +0 dagger; a kobold corpse A quokka comes into view.
Health restored: 18 A quokka is nearby!
The quokka misses you.
You barely miss the quokka. You grab the quokka. You constrict the quokka.
The quokka closely misses you.
You barely miss the quokka. You tentacle-slap the quokka.
The quokka is almost dead.
You constrict the quokka.
You kill the quokka!
A hobgoblin comes into view.
The hobgoblin shouts!
A hobgoblin is nearby!
The hobgoblin misses you.
You tentacle-slap the hobgoblin but do no damage.
You grab the hobgoblin. You constrict the hobgoblin. The hobgoblin misses you.
You tentacle-slap the hobgoblin.
You kill the hobgoblin!
No target in view!
Found a stone staircase leading down.
Terence the Incautious comes into view.
He is wielding a +4 flail of draining.
Terence is nearby!
You have nothing you can fire or use right now.
Terence is nearby!
The helpless Terence fails to defend himself.
You tentacle-slap Terence but do no damage.
You grab Terence. You squeeze Terence, but do no damage. You constrict Terence.
Terence hits you with a +4 flail of draining!
Ouch! That really hurt!
You feel drained.
* * * LOW HITPOINT WARNING * * *
You take 15 damage, and have 3/17 hp.
MASSIVE DAMAGE!!
You tentacle-slap Terence.
Terence is lightly wounded.
You constrict Terence, but do no damage.
Terence hits you with a +4 flail of draining!
Ouch! That really hurt!
You die...
Terence says, "That felt goooood."

#.# #####.####
#........#
#.###.##.#
#.##.#
#.##.#######
#........$.#
....>...####.##
..#...#.# #h#
........# #@#
......#.# #.#
#.##.##.# #.#
#. #. #.# #.# .
.$# #.# #.. ###


You could see Terence.

Vanquished Creatures
  A worm (D:2)
  A ball python (D:1)
  A giant cockroach (D:1)
  A goblin (D:1)
  3 hobgoblins
  2 jackals (D:2)
  2 quokkas (D:2)
  A frilled lizard (D:1)
  A kobold (D:2)
  2 rats
15 creatures vanquished.

Notes
Turn   | Place    | Note
-------+----------+-------------------------------------------
     0 | D:1      | Dirtsage the Octopode Shapeshifter began the quest for the
                  | Orb.
     0 | D:1      | Reached XP level 1. HP: 13/13 MP: 1/1
   369 | D:1      | Reached XP level 2. HP: 18/18 MP: 2/2
   991 | D:2      | Noticed Terence
   995 | D:2      | Mangled by Terence

Illustrated notes

Levels and vault maps discovered:
D:1:      dpeg_arrival_arbitrary_b, layout_basic, nicolae_houndstooth_variations
D:2:      layout_loops_corners, minmay_statues_item, kennysheep_generic_room_10,
          uniq_terence

Action                     || total
---------------------------++-------
  Melee: Unarmed           ||    36
         Constrict         ||     9
         Tentacles         ||     6
         Punch             ||     3
   Stab: Sleeping          ||     5
 Armour: Skin              ||    14
  Dodge: Dodged            ||    23

Table legend: (Time is in decaauts)
 A = Elapsed time spent in this place.
 B = Non-inter-level travel time spent in this place.
 C = Inter-level travel time spent in this place.
 D = Time resting spent in this place.
 E = Time spent auto-exploring this place.
 F = Levels seen in this place.
 G = Mean time per level.
                   A        B        C        D        E       F      G
               +--------+--------+--------+--------+--------+-----+--------+
         Total |    992 |    981 |     11 |      0 |    871 |   2 |  496.0 |
       Dungeon |    992 |    981 |     11 |      0 |    871 |   2 |  496.0 |
               +--------+--------+--------+--------+--------+-----+--------+

Top non-repeatable levels by time:
     D:1: 701 daAuts
     D:2: 291 daAuts
